 Dungeon Crawl Stone Soup version 0.21.1-1-g345015f (webtiles) character file.

280 Fang the Chopper (level 6, -9/39 HPs)
             Began as a Gargoyle Berserker on May 14, 2018.
             Was a Priest of Trog.
             Killed by divine providence
             ... invoked by an orc priest
              (14 damage)
             ... on level 3 of the Dungeon.
             The game lasted 00:04:32 (2918 turns).

Fang the Chopper (Gargoyle Berserker)               Turns: 2918, Time: 00:04:33

Health: -9/39      AC:  7    Str: 23    XL:     6   Next: 27%
Magic:  10/10      EV: 12    Int:  7    God:    Trog [***...]
Gold:   64         SH:  0    Dex:  9    Spells: 5/5 levels left

rFire    . . .     SeeInvis .   a - +0 hand axe
rCold    . . .     Gourm    .   (no shield)
rNeg     + . .     Faith    .   b - +0 animal skin
rPois    ∞         Spirit   .   n - +0 Maxwell's etheric cage {RegenMP+ *Contam rElec MP+4}
rElec    +         Reflect  .   (no cloak)
rCorr    .         Harm     .   (no gloves)
MR       .....                  (no boots)
Stlth    +.........             (no amulet)
HPRegen  0.13/turn              (no ring) MPRegen 0.62/turn*
                                (no ring)

@: no status effects
A: mutation resistance 1, negative energy resistance 1, electricity resistance,
unbreathing, petrification resistance, rot immunity, AC +4
a: Berserk, Trog's Hand, Burn Spellbooks, Renounce Religion


You were on level 3 of the Dungeon.
You worshipped Trog.
Trog was most pleased with you.
You were hungry.

You visited 1 branch of the dungeon, and saw 3 of its levels.

You collected 64 gold pieces.

Inventory:

Hand Weapons
 a - a +0 hand axe (weapon)
Armour
 b - a +0 animal skin (worn)
 n - the +0 Maxwell's etheric cage (worn) {RegenMP+ *Contam rElec MP+4}
   (You took it off Robin on level 2 of the Dungeon)

   It insulates you from electricity.
   It affects your magic capacity (+4).
   It causes magical contamination when unequipped.
Jewellery
 i - a cursed ring of loudness {unknown}
Wands
 l - a wand of polymorph (14)
Scrolls
 d - 2 scrolls of identify {unknown}
 f - a scroll of enchant weapon {unknown}
 g - a scroll of random uselessness {unknown}
 h - a scroll of fog {unknown}
 j - a scroll of enchant armour {unknown}
 m - a scroll of immolation {unknown}
 o - a scroll of fear {unknown}
Potions
 k - a potion of mutation
Comestibles
 c - 2 rations


   Skills:
 + Level 4.4 Fighting
 + Level 4.9 Axes
 + Level 2.3 Armour
 + Level 2.6 Dodging
 + Level 1.0 Stealth


You had 5 spell levels left.
You didn't know any spells.

Dungeon Overview and Level Annotations

Branches:
Dungeon (3/15)

Altars:


Innate Abilities, Weirdness & Mutations

You are resistant to torment.
Your stone body is resilient. (AC +4)
You are immune to poison.
You resist negative energy. (rN+)
You are resistant to electric shocks. (rElec)
You can survive without breathing.
You are immune to petrification.
You are immune to rotting.
You are somewhat resistant to further mutation.


Message History

The orc completely misses you.
You hit the orc.
The orc is severely wounded.
The orc barely misses you.
You barely miss the orc.
The orc is severely wounded.
You hit the orc priest. The orc hits you but does no damage.
The orc priest begins to cast a cantrip, but forgets the words!
You completely miss the orc.
The orc is severely wounded.
You hit the orc priest. The orc barely misses you.
The orc priest calls upon Beogh to heal the orc.
The orc's wounds heal themselves!
You slash the orc!
You kill the orc!
Trog accepts your kill.
You hit the orc priest but do no damage.
The orc priest invokes the aid of Beogh against you.
Beogh smites you!
You die...

#)######.## #
#†#.......#.#.###
#.###.##.<^..!...
#.....##.########
#.######...)...#
#........#####.#
#..##########
#...).[......
##..@o##.####
#.#[.# #.?..#
#.##.. #.####.
#.# .# #. #


You could see an orc priest.

Vanquished Creatures
  An ogre (D:2)
  Jessica (D:1)
  An orc wizard (D:3)
  Robin (D:2)
  2 adders (D:2)
  An ooze (D:1)
  A worm (D:2)
  3 dart slugs
  2 leopard geckos
  6 orcs (D:3)
  5 bats
  5 giant cockroaches
  20 goblins
  7 hobgoblins
  13 jackals
  2 quokkas
  4 frilled lizards
  8 kobolds
  6 rats
89 creatures vanquished.

Notes
Turn   | Place    | Note
-------+----------+-------------------------------------------
     0 | D:1      | Fang the Gargoyle Berserker began the quest for the Orb.
     0 | D:1      | Reached XP level 1. HP: 14/14 MP: 1/1
   121 | D:1      | Reached XP level 2. HP: 5/19 MP: 2/2
   719 | D:1      | Reached XP level 3. HP: 19/24 MP: 3/3
   813 | D:1      | Reached ** piety under Trog
  1593 | D:2      | Reached XP level 4. HP: 25/29 MP: 4/4
  1775 | D:2      | Noticed Jessica
  1779 | D:2      | Noticed Robin
  1792 | D:1      | Killed Jessica
  2092 | D:1      | Reached XP level 5. HP: 28/33 MP: 5/5
  2246 | D:2      | Killed Robin
  2540 | D:2      | Reached *** piety under Trog
  2582 | D:2      | Noticed an ogre
  2587 | D:2      | Killed an ogre
  2587 | D:2      | Reached skill level 1 in Stealth
  2587 | D:2      | Reached XP level 6. HP: 39/39 MP: 6/6
  2884 | D:3      | Gained mutation: You are somewhat resistant to further mutation. [potion of mutation]
  2918 | D:3      | Killed from afar by an orc priest

Skill      XL: |  1  2  3  4  5 |
---------------+----------------+-----
Axes           | 3 4 |  4.9
Dodging        | 2 |  2.6
Fighting       | 4 |  4.4
Stealth        | 1 |  1.0
Armour         | |  2.3

Action                   |  1- 3 |  4- 6 || total
-------------------------+-------+-------++-------
Melee: Hand axe          |   119 |   160 ||   279
Invok: Berserk           |     1 |     4 ||     5
  Use: Potion            |       |     2 ||     2
  Eat: Chunk             |     2 |     8 ||    10
Armor: Animal skin       |    41 |    78 ||   119
Dodge: Dodged            |    97 |   139 ||   236
